 Dungeon Sprint DCSS version 0.27-a0-1416-g941b2bd30b (webtiles) character file.

Game seed: 3298398108897029571

1226 mhtbhm the Thaumaturge (level 8, -2/41 HPs)
             Began as a Deep Elf Earth Elementalist on July 1, 2021.
             Was a Believer of Vehumet.
             Slain by a death knight (29 damage)
             ... in the Dungeon (Sprint IX: "|||||||||||||||||||||||||||||").
             The game lasted 00:01:39 (620 turns).

mhtbhm the Thaumaturge (Deep Elf Earth Elementalist) Turns: 620, Time: 00:01:40

Health: -2/41      AC:  6    Str:  5    XL:     8   Next: 23%
Magic:  2/28       EV: 15    Int: 23    God:    Vehumet [**....]
Gold:   0          SH:  0    Dex: 18    Spells: 20/35 levels left

rFire    . . .     SeeInvis .   l - +2 halberd (protect)
rCold    . . .     Faith    .   (shield currently unavailable)
rNeg     . . .     Spirit   .   b - +0 robe
rPois    .         Reflect  .   (no helmet)
rElec    .         Harm     .   m - +0 cloak
rCorr    .         Rampage  .   (no gloves)
Will     .....     NoTele   +   n - +0 pair of boots
Stlth    ++++......             (no amulet)
HPRegen  0.13/turn              o - +3 ring of dexterity
MPRegen  0.21/turn              p - +2 ring of protection

@: no status effects
A: no striking features
a: Renounce Religion


You were in the Dungeon.
You worshipped Vehumet.
Vehumet was pleased with you.
You visited 1 branch

Inventory:

Hand Weapons
 l - a +2 halberd of protection (weapon)
Missiles
 i - 6 stones
Armour
 b - a +0 robe (worn)
 m - a +0 cloak (worn)
 n - a +0 pair of boots (worn)
Jewellery
 o - a +3 ring of dexterity (left hand)
 p - a +2 ring of protection (right hand)
Wands
 k - a wand of acid (8)
Scrolls
 h - 2 scrolls of blinking
 j - 2 scrolls of amnesia
Potions
 a - a potion of invisibility
 c - 5 potions of curing
 e - a potion of haste
 f - 4 potions of magic
 g - a potion of berserk rage


   Skills:
 + Level 0.3 Fighting
 + Level 6.2 Dodging
 + Level 6.6 Stealth
 + Level 14.1 Spellcasting
 + Level 1.4 Transmutations
 + Level 13.6 Earth Magic
 + Level 1.3 Evocations


You had 20 spell levels left.
You knew the following spells:

 Your Spells              Type           Power      Damage    Failure   Level
a - Sandblast             Erth           100%       2d20      0%          1
b - Passwall              Tmut/Erth      41%        N/A       1%          2
c - Stone Arrow           Conj/Erth      94%        3d12      1%          3
d - Lee's Rapid Deconstr  Erth           34%        3d18*     1%          5
e - Petrify               Tmut/Erth      50%        N/A       1%          4

Your spell library contained the following spells:

 Spells                   Type           Power      Damage    Failure   Level
 Searing Ray              Conj           32%        3d4       5%          2


Dungeon Overview and Level Annotations

Branches:
Dungeon (1/1)

Altars:
Cheibriados
Dithmenos
Elyvilon
Fedhas
Gozag
Hepliaklqana
Kikubaaqudgha
Makhleb
Nemelex Xobeh
Okawaru
Qazlal
Ru
Sif Muna
Trog
Uskayaw
Vehumet
Wu Jian
Xom
Yredelemnul
Zin
The Shining One
Beogh
Jiyva
Lugonu


Message History

You kill the cyan ugly thing!
Vehumet accepts your kill.
You feel your power returning.
The death knight's dark mirror aura disappears.
Your Spellcasting skill increases to level 14!
Your Evocations skill increases to level 1!
You have reached level 8!
You feel clever.
Casting: Lee's Rapid Deconstruction (dangerous; 1% risk of failure)
Confirm with . or Enter, or press ? or * to list all spells.
Aiming: Lee's Rapid Deconstruction (dangerous; 1% risk of failure)
Press: ? - help, Dir - move target An open door to the Dungeon, spattered with blood.
The stone door frame shatters!
The blast of rock fragments hits the death knight!!
The death knight is heavily wounded.
Unknown command.
Unknown command.
Casting: Lee's Rapid Deconstruction (dangerous; 1% risk of failure)
Confirm with . or Enter, or press ? or * to list all spells.
Aiming: Lee's Rapid Deconstruction (dangerous; 1% risk of failure)
Press: ? - help, Dir - move target, f - death knight Fragment what (e.g. wall or brittle monster)?: a death knight, wielding a +4 halberd and wearing a +0 chain mail (heavily wounded)
An open door to the Dungeon, spattered with blood.
The stone door frame shatters!
The blast of rock fragments hits the death knight!
The death knight is severely wounded.
The death knight hits you from afar with a +4 halberd!!
Ouch! That really hurt!
* * * LOW HITPOINT WARNING * * *
Unknown command.
Unknown command.
Unknown command.
Casting: Lee's Rapid Deconstruction (dangerous; 1% risk of failure)
Confirm with . or Enter, or press ? or * to list all spells.
Okay, then.
You feel much better.
The death knight hits you from afar with a +4 halberd!!
Ouch! That really hurt!
You die... ▓▓▓▓▓▓▓▓▓▓▓▓▓▓▓▓▓▓▓▓▓▓▓▓▓▓▓▓▓▓▓▓ g.u...'...gucp÷@[...)..'________ ▓▓▓▓▓▓▓▓▓▓▓▓▓▓▓▓▓▓▓▓▓▓▓▓▓▓▓▓▓▓▓▓

You could see a death knight, a white ugly thing, a centaur warrior and a gnoll sergeant.

Vanquished Creatures
  An ugly thing (D)
  A gargoyle (D)
  2 yaks (D)
  2 centaurs (D)
  3 howler monkeys (D)
  An adder (D)
  A worm (D)
  An orc (D)
  A bat (D)
  An endoplasm (D)
  A goblin (D)
  A ball python zombie (D)
  2 rats (D)
18 creatures vanquished.

Notes
Turn   | Place    | Note
-------+----------+-------------------------------------------
     0 | D        | mhtbhm the Deep Elf Earth Elementalist began the quest for
                  | the Orb.
     0 | D        | Reached XP level 1. HP: 10/10 MP: 6/6
    80 | D        | Noticed a howler monkey
    83 | D        | Reached skill level 4 in Spellcasting
    83 | D        | Reached skill level 5 in Earth Magic
    83 | D        | Reached XP level 2. HP: 15/15 MP: 5/9
   239 | D        | Learned a level 2 spell: Passwall
   244 | D        | Killed a howler monkey
   245 | D        | Reached skill level 5 in Spellcasting
   245 | D        | Reached XP level 3. HP: 19/19 MP: 4/12
   309 | D        | Found a snail-covered altar of Cheibriados.
   309 | D        | Found a shadowy altar of Dithmenos.
   309 | D        | Found a white marble altar of Elyvilon.
   309 | D        | Found a blossoming altar of Fedhas.
   309 | D        | Found an opulent altar of Gozag.
   310 | D        | Found a hazy altar of Hepliaklqana.
   311 | D        | Found a viscous altar of Jiyva.
   312 | D        | Found an ancient bone altar of Kikubaaqudgha.
   313 | D        | Found a corrupted altar of Lugonu.
   314 | D        | Found a burning altar of Makhleb.
   315 | D        | Found a sparkling altar of Nemelex Xobeh.
   316 | D        | Found an iron altar of Okawaru.
   317 | D        | Found a stormy altar of Qazlal.
   318 | D        | Found a sacrificial altar of Ru.
   319 | D        | Found a shimmering blue altar of Sif Muna.
   320 | D        | Found a bloodstained altar of Trog.
   321 | D        | Found a hide-covered altar of Uskayaw.
   322 | D        | Found a radiant altar of Vehumet.
   323 | D        | Found an ornate altar of the Wu Jian Council.
   324 | D        | Found a shimmering altar of Xom.
   325 | D        | Found a basalt altar of Yredelemnul.
   326 | D        | Found a glowing silver altar of Zin.
   327 | D        | Found a glowing golden altar of the Shining One.
   330 | D        | Became a worshipper of Vehumet
   335 | D        | Learned a level 3 spell: Stone Arrow
   387 | D        | Noticed a yak
   387 | D        | Noticed a gargoyle
   387 | D        | Noticed a centaur
   387 | D        | Noticed a centaur
   387 | D        | Noticed a yak
   390 | D        | Killed a yak
   391 | D        | Reached skill level 5 in Stealth
   391 | D        | Reached skill level 8 in Spellcasting
   391 | D        | Reached XP level 4. HP: 7/24 MP: 10/16
   391 | D        | Reached XP level 5. HP: 8/28 MP: 11/18
   392 | D        | Killed a centaur
   393 | D        | Reached skill level 9 in Spellcasting
   393 | D        | Reached skill level 10 in Earth Magic
   393 | D        | Reached XP level 6. HP: 23/32 MP: 10/20
   393 | D        | Reached * piety under Vehumet
   393 | D        | Offered knowledge of Foxfire by Vehumet.
   394 | D        | Reached skill level 5 in Dodging
   397 | D        | Reached skill level 10 in Spellcasting
   399 | D        | Killed a gargoyle
   400 | D        | Reached skill level 12 in Spellcasting
   400 | D        | Reached XP level 7. HP: 36/36 MP: 7/24
   401 | D        | Killed a yak
   401 | D        | Reached ** piety under Vehumet
   512 | D        | Learned a level 5 spell: Lee's Rapid Deconstruction
   517 | D        | Learned a level 4 spell: Petrify
   605 | D        | Noticed a white ugly thing
   605 | D        | Noticed a centaur warrior
   605 | D        | Noticed a death knight
   605 | D        | Noticed a cyan ugly thing
   611 | D        | Offered knowledge of Searing Ray by Vehumet.
   612 | D        | Reached skill level 13 in Spellcasting
   617 | D        | Killed a cyan ugly thing
   618 | D        | Reached skill level 14 in Spellcasting
   618 | D        | Reached skill level 1 in Evocations
   618 | D        | Reached XP level 8. HP: 30/41 MP: 12/28
   620 | D        | Slain by a death knight

Illustrated notes

Levels and vault maps discovered:
D:        linesprint [early_d, line_temple, items_1, d_10, items_2, lair_1,
          lair_end, items_3, orc_1, orc_end, items_4, d_15, swamp_1, shoals_1,
          snake_1, spider_1, d_20, vaults_1, items_5, swamp_end, shoals_end,
          snake_end, spider_end, vaults_end, d_27, items_6, zot_1, zot_end,
          crypt_end, forest_end, elf_end, slime_end, tomb_end, abyss_end,
          pan_hell_end]

Skill      XL: |  1  2  3  4  5  6  7 |
---------------+----------------------+-----
Earth Magic    | 5 7 9 10 12 13 | 13.6
Stealth        | 3 5 6 |  6.6
Spellcasting   | 4 5 8 9 12 14 | 14.1
Dodging        | 3 4 5 6 |  6.2
Evocations     | 1 |  1.3
Fighting       | |  0.3
Transmutations | |  1.4

Action                   |  1- 3 |  4- 6 |  7- 9 || total
-------------------------+-------+-------+-------++-------
 Cast: Sandblast         |    18 |     5 |     1 ||    24
       Lee's Rapid Decon |       |       |     5 ||     5
       Stone Arrow       |       |       |     1 ||     1
       Petrify           |       |       |     1 ||     1
Evoke: Wand              |     1 |     1 |       ||     2
  Use: Potion            |       |     2 |     1 ||     3
Armor: Robe              |     3 |       |       ||     3
Dodge: Dodged            |     2 |     2 |     2 ||     6

Table legend: (Time is in decaauts)
 A = Elapsed time spent in this place.
 B = Non-inter-level travel time spent in this place.
 C = Inter-level travel time spent in this place.
 D = Time resting spent in this place.
 E = Time spent auto-exploring this place.
 F = Levels seen in this place.
 G = Mean time per level.
                   A        B        C        D        E       F      G
               +--------+--------+--------+--------+--------+-----+--------+
         Total |    618 |    618 |      0 |    449 |      3 |   1 |  618.0 |
       Dungeon |    618 |    618 |      0 |    449 |      3 |   1 |  618.0 |
               +--------+--------+--------+--------+--------+-----+--------+

Top non-repeatable levels by time:
       D: 618 daAuts
